Map: Acropolis EC

Players

IA (moyenne)

  • Race: Terran Terran

Nadiejda

  • Race: Terran Terran

VOD

Have the link to the VOD?

Description

Time

  • Played on: April 14, 2021, 6:11 p.m.
  • Length: 11:40
Show
View Real Time Build Order
Export as new Build Order

IA (moyenne) Terran 

Build Orders: Command Center First (CC), Banshee Rush 

Get SALT Encoding   

    0:10  SCV x12  
    0:22  Unknown  
    0:24  SCV  
  13  0:36  SCV  
  13  0:40  Supply Depot  
  14  0:49  SCV  
  15  1:01  SCV  
  16  1:14  SCV  
  17  1:26  SCV  
  17  1:27  Command Center  
  18  1:38  Barracks  
  18  1:48  Supply Depot  
  18  1:56  Refinery  
  18  1:58  SCV  
  19  2:12  Barracks  
  19  2:13  SCV  
  20  2:17  Protoss Ground Weapons Level 3, Protoss Shields Level 3, Protoss Ground Armor Level 3  
  20  2:24  Refinery  
  20  2:25  Marine, SCV  
  22  2:38  SCV  
  22  2:39  Zerg Missile Weapons Level 3, Protoss Air Weapons Level 3, Protoss Air Armor Level 3, Zerg Flyer Armor Level 3, Terran Infantry Armor Level 3, Terran Ship Armor Level 3, Terran Infantry Weapons Level 3, Zerg Ground Armor Level 3, Terran Vehicle Weapons Level 3, Zerg Flyer Weapons Level 3, Zerg Melee Weapons Level 3, Terran Vehicle Armor Level 3, Terran Ship Weapons Level 3  
  22  2:42  Protoss Ground Armor Level 2, Protoss Ground Weapons Level 2, Protoss Shields Level 2  
  23  2:44  Barracks Tech Lab  
  23  2:57  SCV  
  24  2:59  Reaper  
  24  3:00  Protoss Air Weapons Level 2, Protoss Air Armor Level 2, Terran Vehicle Weapons Level 2, Terran Vehicle Armor Level 2, Terran Infantry Armor Level 2, Terran Infantry Weapons Level 2, Zerg Flyer Armor Level 2, Terran Ship Weapons Level 2, Zerg Melee Weapons Level 2, Zerg Ground Armor Level 2, Zerg Missile Weapons Level 2, Zerg Flyer Weapons Level 2, Terran Ship Armor Level 2  
  24  3:01  SCV  
  26  3:07  Protoss Shields Level 1, Protoss Ground Weapons Level 1, Protoss Ground Armor Level 1  
  26  3:13  Marine  
  26  3:15  Blink  
  27  3:22  Zerg Ground Armor Level 1, Zerg Missile Weapons Level 1, Zerg Flyer Armor Level 1, Terran Ship Armor Level 1, Protoss Air Weapons Level 1, Terran Ship Weapons Level 1, Zerg Melee Weapons Level 1, Terran Vehicle Weapons Level 1, Zerg Flyer Weapons Level 1, Protoss Air Armor Level 1, Terran Infantry Armor Level 1, Terran Vehicle Armor Level 1, Terran Infantry Weapons Level 1  
  27  3:23  Factory  
  27  3:31  Marine  
  27  3:33  Barracks Tech Lab  
  28  3:36  Stimpack, Warp Gate, Extended Thermal Lance, Charge, Weapon Refit, Resonating Glaives, Neosteel Armor  
  28  3:43  Adrenal Glands, Factory, Ventral Sacs  
  28  3:49  Marine, Enduring Locusts  
  28  3:50  Personal Cloaking  
  28  3:54  SCV  
  30  3:57  Infernal Pre-Igniter, Corvid Reactor, Neosteel Frame, Metabolic Boost, Combat Shield, Neural Parasite, Marine, SCV, Glial Reconstitution, Psionic Storm, Durable Materials, Cloaking Field, Tunneling Claws, Centrifical Hooks, Chitinous Plating  
  32  4:05  Muscular Augments x2, Burrow  
  32  4:06  SCV, Factory Tech Lab  
  33  4:11  Supply Depot  
  33  4:12  Reaper  
  34  4:19  Graviton Catapult, Starport, Behemoth Reactor, Gravitic Drive, Pathogen Glands, Caduceus Reactor, Gravitic Boosters, Hi-Sec Auto Tracking, Moebius Reactor  
  34  4:26  Marine  
  34  4:28  Factory Tech Lab  
  35  4:33  Concussive Shells, Pneumatized Carapace  
  35  4:44  Marauder  
  37  4:55  Marine  
  37  4:56  Supply Depot  
  42  5:16  Unknown x5  
    5:24  SCV x12  
    5:36  Unknown  
    5:38  SCV  
  13  5:54  Supply Depot  
  13  6:29  Barracks  
  13  6:44  Command Center  
  13  6:54  Refinery  
  13  7:09  Refinery  
  13  7:16  Marine  
  14  7:31  SCV  
  14  7:34  Marine  
  16  7:41  Supply Depot  
  16  7:52  Barracks Tech Lab  
  16  8:01  SCV  
  17  8:06  SCV  
  17  8:11  Reaper  
  19  8:14  SCV  
  20  8:20  SCV  
  21  8:27  SCV  
  21  8:33  SCV  
  23  8:39  SCV  
  24  8:43  Marauder  
  24  8:45  SCV  
  27  8:51  SCV  
  28  8:57  SCV  
  29  9:11  Barracks  
  29  9:29  Factory  
  29  9:44  Factory  
  29  9:56  Marine  
  29  9:58  Barracks Tech Lab  
  30  10:13  Factory Tech Lab  
  30  10:14  Marine  
  30  10:16  Marine  
  32  10:23  Starport  
  32  10:27  Factory Tech Lab  
  32  10:56  Marauder  
  34  11:02  Starport Tech Lab  
  34  11:10  Starport  
  36  11:29  Supply Depot  
Show
View Real Time Build Order
Export as new Build Order

Nadiejda Terran 

Build Orders: Reaper Expand, Banshee Rush 

Get SALT Encoding   

  12  0:00  Orbital Command  
    0:10  SCV x12  
    0:23  SCV  
  13  0:35  SCV  
  14  0:40  Supply Depot  
  14  0:47  SCV  
  15  1:01  SCV  
  15  1:02  Barracks  
  16  1:07  Refinery  
  16  1:13  SCV  
  17  1:25  SCV  
  18  1:38  SCV  
  19  1:50  Reaper, Orbital Command  
  20  2:03  Command Center  
  20  2:13  Supply Depot  
  21  2:15  SCV  
  21  2:17  Protoss Ground Weapons Level 3, Protoss Shields Level 3, Protoss Ground Armor Level 3  
  21  2:22  Marine  
  22  2:27  SCV  
  23  2:33  Factory  
  23  2:39  Zerg Missile Weapons Level 3, Protoss Air Weapons Level 3, Protoss Air Armor Level 3, Zerg Flyer Armor Level 3, Terran Infantry Armor Level 3, Terran Ship Armor Level 3, Terran Infantry Weapons Level 3, Zerg Ground Armor Level 3, SCV, Terran Vehicle Weapons Level 3, Zerg Flyer Weapons Level 3, Zerg Melee Weapons Level 3, Terran Vehicle Armor Level 3, Terran Ship Weapons Level 3  
  23  2:42  Bunker, Protoss Ground Armor Level 2, Protoss Ground Weapons Level 2, Protoss Shields Level 2  
  24  2:44  Barracks Reactor  
  24  2:50  Refinery  
  24  2:52  SCV  
  25  3:00  Protoss Air Weapons Level 2, Protoss Air Armor Level 2, Terran Vehicle Weapons Level 2, Terran Vehicle Armor Level 2, Terran Infantry Armor Level 2, Terran Infantry Weapons Level 2, Zerg Flyer Armor Level 2, Terran Ship Weapons Level 2, Zerg Melee Weapons Level 2, Zerg Ground Armor Level 2, Zerg Missile Weapons Level 2, Zerg Flyer Weapons Level 2, Terran Ship Armor Level 2  
  25  3:04  SCV  
  26  3:07  Protoss Shields Level 1, Protoss Ground Weapons Level 1, Protoss Ground Armor Level 1  
  26  3:15  Blink, Orbital Command  
  26  3:16  SCV  
  27  3:21  Starport  
  27  3:22  Zerg Ground Armor Level 1, Zerg Missile Weapons Level 1, Zerg Flyer Armor Level 1, Terran Ship Armor Level 1, Protoss Air Weapons Level 1, Marine x2, Terran Ship Weapons Level 1, Zerg Melee Weapons Level 1, Terran Vehicle Weapons Level 1, Zerg Flyer Weapons Level 1, Protoss Air Armor Level 1, Terran Infantry Armor Level 1, Terran Vehicle Armor Level 1, Terran Infantry Weapons Level 1  
  29  3:30  Factory Tech Lab  
  29  3:31  SCV  
  30  3:36  Stimpack, Warp Gate, Extended Thermal Lance, Charge, Weapon Refit, Resonating Glaives, Neosteel Armor  
  30  3:40  Marine x2  
  32  3:43  Adrenal Glands, SCV, Ventral Sacs  
  32  3:44  SCV  
  34  3:49  Enduring Locusts  
  34  3:50  Cyclone, Personal Cloaking  
  37  3:55  SCV  
  37  3:56  SCV  
  37  3:57  Infernal Pre-Igniter, Corvid Reactor, Neosteel Frame, Metabolic Boost, Combat Shield, Neural Parasite, Glial Reconstitution, Psionic Storm, Durable Materials, Cloaking Field, Tunneling Claws, Centrifical Hooks, Chitinous Plating  
  39  4:03  Viking  
  39  4:05  Muscular Augments x2, Burrow  
  39  4:06  Barracks  
  39  4:08  SCV x2  
  43  4:17  Supply Depot  
  43  4:19  Graviton Catapult, Behemoth Reactor, Gravitic Drive, Pathogen Glands, Caduceus Reactor, Gravitic Boosters, Hi-Sec Auto Tracking, Moebius Reactor  
  43  4:22  SCV x2  
  45  4:32  Marine  
  45  4:33  Concussive Shells, Pneumatized Carapace  
  45  4:36  Starport Reactor, Factory Tech Lab  
  46  4:39  Marine, SCV x2  
  46  4:43  Barracks  
  46  4:44  Engineering Bay  
  49  4:52  Supply Depot  
  49  4:54  Refinery, SCV x2  
  49  4:56  Marine  
  54  5:11  Orbital Command  
  60  5:16  Unknown x5  
    5:24  SCV x12  
    5:37  SCV  
  13  5:49  SCV  
  14  5:54  Supply Depot  
  14  6:01  SCV  
  15  6:16  SCV  
  15  6:17  Barracks  
  16  6:22  Refinery  
  16  6:28  SCV  
  17  6:40  SCV  
  18  6:52  SCV  
  19  7:04  Orbital Command  
  19  7:06  Reaper  
  20  7:17  Command Center  
  20  7:27  Supply Depot  
  20  7:30  SCV  
  21  7:38  Marine  
  21  7:42  SCV  
  23  7:46  Factory  
  23  7:54  SCV  
  24  7:58  Bunker  
  24  8:02  Refinery  
  24  8:03  Barracks Reactor  
  24  8:06  SCV  
  25  8:18  SCV  
  26  8:29  Orbital Command  
  26  8:30  SCV  
  27  8:35  Starport  
  27  8:40  Marine  
  27  8:41  Marine  
  29  8:42  Factory Tech Lab  
  29  8:44  SCV  
  30  8:57  SCV  
  30  8:58  Marine x2  
  30  9:00  SCV  
  34  9:05  Cyclone  
  34  9:09  SCV  
  38  9:12  SCV  
  38  9:13  Viking  
  38  9:16  Marine x2  
  43  9:19  Barracks  
  43  9:21  SCV  
  44  9:27  SCV, Supply Depot  
  45  9:33  SCV  
  46  9:45  Starport Reactor  
  46  9:48  Marine x2, SCV x2  
  50  9:53  Barracks  
  50  9:54  Refinery, Factory Tech Lab  
  50  9:55  Supply Depot  
  50  10:00  SCV x2  
  50  10:02  Supply Depot  
  50  10:06  Marine x2  
  54  10:13  Engineering Bay  
  54  10:16  SCV x2  
  59  10:21  Siege Tank  
  59  10:24  Marine  
  60  10:29  SCV x2  
  62  10:35  Supply Depot  
  62  10:39  Supply Depot  
  62  10:41  Marine, SCV x2  
  65  10:47  Marine x2  
  67  10:53  SCV x2  
  69  11:00  Siege Tank  
  69  11:01  Starport Reactor  
  72  11:05  SCV x2  
  72  11:06  Supply Depot  
  72  11:11  Marine x4  
  74  11:12  Marine  
  74  11:17  SCV x2  
  81  11:30  Supply Depot  
Tags
 
Add a new tag
Caveats
  • Supply blocks, unpowered buildings, or Contaminate may cause inaccurate times.
  • Supply counts are checked every 10 seconds.